 Dungeon Crawl Stone Soup version 0.28-a0-1555-g9ae15a6949 (webtiles) character file.

Game seed: 3703007792329755156

95 psuckher the Conjurer (level 4, -12/34 HPs)
             Began as a Draconian Conjurer on Jan 18, 2022.
             Killed from afar by Ijyb (26 damage)
             ... with a bolt of acid
             ... on level 3 of the Dungeon.
             The game lasted 00:11:29 (2583 turns).

psuckher the Conjurer (Draconian Conjurer)          Turns: 2583, Time: 00:11:29

Health: -12/34     AC:  6    Str: 12    XL:     4   Next: 39%
Magic:  7/7        EV: 12    Int: 18    God:
Gold:   65         SH:  5    Dex:  9    Spells: 4/7 levels left

rFire   . . .      SeeInvis +   g - staff of earth
rCold   . . .      Faith    .   (no shield)
rNeg    . . .      Spirit   .   (armour unavailable)
rPois   .          Reflect  +   (helmet restricted)
rElec   .          Harm     .   (no cloak)
rCorr   .          Rampage  .   (no gloves)
Will    .....                   d - +0 pair of boots
Stlth   ++........              f - amulet of reflection
HPRegen 0.11/turn               h - ring of see invisible
MPRegen 0.10/turn               (no ring)

@: no status effects
A: AC +5, unfitting armour, cold-blooded
a: no special abilities


You were on level 3 of the Dungeon.
You visited 1 branch of the dungeon, and saw 3 of its levels.

You collected 65 gold pieces.

Inventory:

Armour
 d - a +0 pair of boots (worn)
Magical Staves
 g - a staff of earth (weapon)
Jewellery
 f - an amulet of reflection (around neck)
 h - a ring of see invisible (left hand)
Scrolls
 a - 2 scrolls of teleportation {unknown}
 j - 2 scrolls of identify {unknown}
Potions
 b - 2 potions of might {unknown}
 c - a potion of magic {unknown}
 e - a potion of haste {unknown}
 i - 3 potions of heal wounds {unknown}


   Skills:
 + Level 0.9 Fighting
 + Level 0.5 Staves
 + Level 2.6 Dodging
 + Level 2.1 Stealth
 + Level 1.2 Unarmed Combat
 + Level 2.2 Spellcasting
 + Level 4.6 Conjurations


You had 4 spell levels left.
You knew the following spells:

 Your Spells              Type           Power      Damage    Failure   Level
a - Magic Dart            Conj           72%        1d6       2%          1
b - Searing Ray           Conj           36%        2d5       4%          2

Your spell library contained the following spells:

 Spells                   Type           Power      Damage    Failure   Level
 Dazzling Flash           Conj/Hex       20%        N/A       21%         3
 Fulminant Prism          Conj/Hex       5%         3d7       56%         4
 Iskenderun's Mystic Bla  Conj/Tloc      10%        2d4       56%         4


Dungeon Overview and Level Annotations

Branches:
Dungeon (3/15)

Altars:

Shops:
D:2 !!*=

Annotations:
D:3 Ijyb


Innate Abilities, Weirdness & Mutations

Your plain brown scales are hard. (AC +5)
You cannot fit into any form of body armour.
You are cold-blooded and may be slowed by cold attacks.


Message History

i - 3 sapphire potions (gained 2)
An adder comes into view.
The adder hisses angrily.
You miss the adder.
Your tail-slap misses the adder.
The adder bites you but does no damage. The adder closely misses you.
You hit the adder.
The adder is lightly wounded.
The adder bites you but does no damage.
You hit the adder.
The adder is heavily wounded.
The adder bites you but does no damage. The adder closely misses you.
You barely miss the adder.
Your tail-slap misses the adder.
The adder is heavily wounded.
The adder barely misses you.
You hit the adder.
The adder is heavily wounded.
The adder bites you but does no damage. The adder bites you.
You hit the adder.
The adder is almost dead.
The adder bites you.
You are poisoned.
The adder poisons you!
You hit the adder but do no damage.
Your tail-slap misses the adder.
Your punch misses the adder.
The adder is almost dead.
You feel sick. The adder barely misses you. x2
You hit the adder.
You kill the adder!
You feel sick.
You feel sick.
You see here an adder corpse.
You feel sick.
You feel sick.
You are no longer poisoned.
Ijyb the Twisted Goblin comes into view.
She is wielding a +4 dagger of venom, wearing a +2 ring mail of fire resistance and carrying a wand of acid (8).
Ijyb shouts!
Ijyb zaps a wand.
The bolt of acid hits you!
Ijyb zaps a wand.
The bolt of acid hits you!!
Ouch! That really hurt!
You die...

....................#.#
#####################.#
..# #.# #.# #.# #g# #.#
#.# #.# #.# #.# #.# #.#
#@# #.# #.# #.# #.# #.#
#.####.# #......#
########


You could see Ijyb.

Vanquished Creatures
  Jessica (D:2)
  Natasha (D:2)
  An adder (D:3)
  A dart slug (D:1)
  2 ball pythons (D:1)
  4 endoplasms (D:2)
  2 giant cockroaches
  3 goblins (D:1)
  5 hobgoblins
  2 quokkas
  4 bats
  3 kobolds (D:1)
  5 rats
34 creatures vanquished.

Notes
Turn   | Place    | Note
-------+----------+-------------------------------------------
     0 | D:1      | psuckher the Draconian Conjurer began the quest for the
                  | Orb.
     0 | D:1      | Reached XP level 1. HP: 14/14 MP: 3/3
   492 | D:1      | Reached XP level 2. HP: 19/20 MP: 0/5
  1685 | D:2      | Found Ceirchito's General Store.
  1816 | D:2      | Learned a level 2 spell: Searing Ray
  1835 | D:2      | Found Waiv's Jewellery Boutique.
  1861 | D:2      | Reached XP level 3. HP: 7/26 MP: 1/6
  2137 | D:2      | Found Elaeheit's Distillery.
  2171 | D:2      | Noticed Natasha
  2184 | D:2      | Killed Natasha
  2185 | D:2      | Reached skill level 1 in Unarmed Combat
  2237 | D:2      | Noticed Jessica
  2246 | D:2      | Killed Jessica
  2247 | D:2      | Reached XP level 4. HP: 34/34 MP: 3/7
  2288 | D:2      | Found Wourghorgh's Distillery.
  2580 | D:3      | Noticed Ijyb
  2583 | D:3      | Killed from afar by Ijyb

Illustrated notes

Levels and vault maps discovered:
D:1:      dpeg_arrival_boxes_within_box, layout_basic, minmay_indecisive_spiral
D:2:      layout_basic, serial_shops, shop, nicolae_shop_stone, shop,
          nicolae_square_shop, uniq_natasha, uniq_jessica
D:3:      layout_basic, shapermc_ecumenical_altar_rom_forum,
          chequers_serial_rivers_small_3, uniq_ijyb, uniq_terence

Skill      XL: |  1  2  3 |
---------------+----------+-----
Dodging        | 2 |  2.6
Stealth        | 2 |  2.1
Unarmed Combat | 1 |  1.2
Fighting       | |  0.9
Staves         | |  0.5
Spellcasting   | |  2.2
Conjurations   | |  4.6

Action                   |  1- 3 |  4- 6 || total
-------------------------+-------+-------++-------
Melee: Unarmed           |   110 |       ||   110
       Tailslap          |    15 |       ||    15
       Punch             |     2 |       ||     2
       Staff             |    25 |    15 ||    40
 Cast: Magic Dart        |    36 |     6 ||    42
Armor: Skin              |    40 |     6 ||    46
Dodge: Dodged            |   100 |    13 ||   113
Block: Other             |     6 |       ||     6

Table legend: (Time is in decaauts)
 A = Elapsed time spent in this place.
 B = Non-inter-level travel time spent in this place.
 C = Inter-level travel time spent in this place.
 D = Time resting spent in this place.
 E = Time spent auto-exploring this place.
 F = Levels seen in this place.
 G = Mean time per level.
                   A        B        C        D        E       F      G
               +--------+--------+--------+--------+--------+-----+--------+
         Total |   2591 |   2291 |    300 |      0 |      0 |   3 |  863.7 |
       Dungeon |   2591 |   2291 |    300 |      0 |      0 |   3 |  863.7 |
               +--------+--------+--------+--------+--------+-----+--------+

Top non-repeatable levels by time:
     D:1: 1662 daAuts
     D:2: 777 daAuts
     D:3: 151 daAuts
